 Dungeon Crawl Stone Soup version 0.21-a0-314-gb3271ec (webtiles) character file.

107 tidbits the Charmwright (level 4, -5/38 HPs)
             Began as a Gnoll Skald on Sept 29, 2017.
             Killed from afar by an orc wizard (11 damage)
             ... with a magic dart
             ... on level 3 of the Dungeon.
             The game lasted 00:06:56 (1221 turns).

tidbits the Charmwright (Gnoll Skald)               Turns: 1221, Time: 00:06:57

Health: -5/38      AC:  4    Str: 14    XL:     4   Next: 85%
Magic:  3/11       EV: 14    Int: 16    God:
Gold:   161        SH:  0    Dex: 14    Spells: 5/13 levels left

rFire    . . .     SeeInvis .   a - +0 falchion
rCold    . . .     Gourm    .   (no shield)
rNeg     . . .     Faith    .   B - +0 leather armour
rPois    .         Spirit   .   (no helmet)
rElec    .         Reflect  .   (no cloak)
rCorr    .         Harm     .   G - +0 pair of gloves
MR       .....                  (no boots)
Stlth    ++........             (no amulet)
HPRegen  0.12/turn              (no ring)
MPRegen  0.12/turn              (no ring)

@: shrouded, infused (expiring)
A: distributed training, fangs 1, strong nose
a: no special abilities


You were on level 3 of the Dungeon.
You were not hungry.

You visited 1 branch of the dungeon, and saw 4 of its levels.

You collected 161 gold pieces.

Inventory:

Hand Weapons
 a - a +0 falchion (weapon)
Missiles
 e - 51 sling bullets
 j - 43 arrows
 n - 169 stones (quivered)
 o - 22 bolts
 q - 4 javelins
Armour
 B - a +0 leather armour (worn)
 G - a +0 pair of gloves (worn)
Scrolls
 b - a scroll of amnesia {unknown}
 k - 3 scrolls of remove curse
 p - a scroll of teleportation
Potions
 f - 2 potions of curing
 g - 2 potions of might
 h - a potion of ambrosia
 i - 2 potions of haste
 r - a potion of cancellation {unknown}
 s - 2 potions of resistance {unknown}
Books
 c - a book of Battle

   Spells                             Type                      Level
   a - Infusion                       Charms                       1
   b - Shroud of Golubria             Charms/Translocation         2
   c - Song of Slaying                Charms                       2
   d - Spectral Weapon                Hexes/Charms                 3
   e - Regeneration                   Charms/Necromancy            3
Comestibles
 d - 2 bread rations
 l - 2 meat rations
 m - a royal jelly


   Skills:
 + Level 4.4 Fighting
 + Level 1.7 Short Blades
 + Level 4.5 Long Blades
 + Level 0.0 Axes
 + Level 1.7 Maces & Flails
 + Level 0.0 Polearms
 + Level 0.8 Staves
 + Level 1.3 Slings
 + Level 1.3 Bows
 + Level 1.3 Crossbows
 + Level 1.7 Throwing
 + Level 2.8 Armour
 + Level 4.7 Dodging
 + Level 1.3 Stealth
   Level 0.0 Stabbing
 + Level 0.0 Shields
   Level 0.0 Traps
 + Level 0.8 Unarmed Combat
 + Level 5.4 Spellcasting
 + Level 0.8 Conjurations
 + Level 1.3 Hexes
 + Level 6.6 Charms
 + Level 1.3 Summonings
 + Level 1.3 Necromancy
 + Level 0.8 Translocations
 + Level 1.3 Transmutations
 + Level 1.7 Fire Magic
 + Level 1.3 Ice Magic
 + Level 1.3 Air Magic
 + Level 0.0 Earth Magic
 + Level 0.8 Poison Magic
 + Level 1.7 Invocations
 + Level 0.8 Evocations


You had 5 spell levels left.
You knew the following spells:

 Your Spells              Type           Power        Failure   Level  Hunger
g - Shroud of Golubria    Chrm/Tloc      ###.......   6%          2    #......
i - Infusion              Chrm           ####         1%          1    None
r - Regeneration          Chrm/Necr      ###.......   11%         3    ###....
y - Song of Slaying       Chrm           ####....     1%          2    #......


Dungeon Overview and Level Annotations

Branches:
Dungeon (4/15)
 Temple: D:4-7

Altars:
Cheibriados
Vehumet
The Shining One


Innate Abilities, Weirdness & Mutations

Your experience applies equally to all skills.
You have very sharp teeth.
Your uncanny sense of smell can sniff out nearby items.


Message History

2 orcs and an orc wizard come into view.
The orc wizard is wielding a dagger of protection.
The orc shouts!
You hear a shout!
There is a stone staircase leading up here.
Casting: Infusion
Confirm with . or Enter, or press ? or * to list all spells.
You begin infusing your attacks with magical energy.
The orc hits you but does no damage. The orc hits you.
You barely miss the orc wizard. Your bite misses the orc wizard.
The orc wizard barely misses you. The orc barely misses you.
You riposte.
You closely miss the orc. Your bite misses the orc.
An orc wizard comes into view. It is wielding a dagger of venom.
You barely miss the orc wizard. The orc hits you but does no damage.
The orc wizard points at you and mumbles some strange words.
The magic dart hits you! The orc wizard misses you. The orc hits you.
You hit the orc wizard.
The orc wizard is moderately wounded.
The orc barely misses you.
The orc wizard hits you with a dagger of venom.
You are poisoned.
The orc wizard closely misses you.
You riposte.
You hit the orc wizard.
You bite the orc wizard, but do no damage.
The orc wizard is moderately wounded.
The orc hits you.
You feel sick. The orc closely misses you. The orc wizard misses you.
You riposte.
You closely miss the orc wizard. You bite the orc wizard.
The orc wizard is lightly wounded.
The orc wizard casts a spell.
The orc wizard seems to speed up.
The orc misses you.
You riposte.
You closely miss the orc.
You climb upwards.
You feel sick.
There is a stone staircase leading down here.
Unknown command.
You hit the orc! Your bite misses the orc.
The orc is almost dead.
The orc wizard barely misses you.
You riposte.
You hit the orc wizard but do no damage.
The orc wizard is moderately wounded.
The orc hits you with a hand axe.
* * * LOW HITPOINT WARNING * * *
The orc hits you.
* * * LOW HITPOINT WARNING * * *
You hit the orc.
You kill the orc!
The orc wizard hits you but does no damage.
The orc hits you but does no damage.
The orc wizard hits you with a dagger of protection.
* * * LOW HITPOINT WARNING * * *
You feel sick.
Things that are here:
a leather armour; an orc corpse You feel better.
The orc wizard barely misses you.
You riposte.
You closely miss the orc wizard.
The orc wizard is moderately wounded.
You barely miss the orc.
The orc wizard gestures wildly while chanting.
The orc wizard flickers and vanishes!
Deactivating autopickup; reactivate with Ctrl-A.
Casting: Infusion
Confirm with . or Enter, or press ? or * to list all spells.
Space distorts slightly along a thin shroud covering your body.
Your shroud bends the orc's attack away.
You hit the orc!
You kill the orc!
Your shroud bends something's attack away.
You hit something. Something barely misses you.
You miss something. Something hits you but does no damage. Something hits you.
* * * LOW HITPOINT WARNING * * *
You closely miss something. Your bite misses something.
Your shroud bends something's attack away.
The orc wizard mumbles some strange words.
The orc wizard blinks!
Your shroud bends something's attack away.
You hit something.
Your magical infusion is running out.
Something hits you but does no damage.
You closely miss something.
You hear some strange, mumbled words.
A puff of flame appears from out of thin air!
The puff of flame hits you!
* * * LOW HITPOINT WARNING * * *
You hear some strange, mumbled words.
A puff of frost appears from out of thin air!
The puff of frost misses you.
The puff of frost hits the orc wizard.
You hit the orc wizard.
You bite the orc wizard, but do no damage.
The orc wizard is almost dead.
Something hits you.
* * * LOW HITPOINT WARNING * * *
The orc wizard casts a spell at you. The magic dart hits you!
* * * LOW HITPOINT WARNING * * *
You hear some strange, mumbled words.
A puff of flame appears from out of thin air!
The puff of flame hits you!
* * * LOW HITPOINT WARNING * * *
You feel better.
The orc wizard gestures at you while chanting.
The magic dart hits you!
You die...

###### #..... #.####
#####################.#
........{@o........##.#
#.##########.####........#.#
#..........†....#.###....#.#
############.##.....#.##.#.#
#.########.##.#.# # #.#
#.##.#.# # #.# ####+##'#'##
# #.# #..........# # #.#
#..........###


You could see an orc wizard.

Vanquished Creatures
  6 adders
  A worm (D:3)
  2 dart slugs
  A leopard gecko (D:1)
  2 orcs (D:3)
  5 bats
  3 giant cockroaches
  2 goblins
  8 hobgoblins
  4 quokkas
  4 frilled lizards
  4 kobolds
  3 rats
45 creatures vanquished.

Notes
Turn   | Place    | Note
-------+----------+-------------------------------------------
     0 | D:1      | tidbits the Gnoll Skald began the quest for the Orb.
     0 | D:1      | Reached XP level 1. HP: 20/20 MP: 6/6
   165 | D:1      | Reached skill level 5 in Spellcasting
   173 | D:1      | Reached XP level 2. HP: 23/26 MP: 8/8
   177 | D:1      | Learned a level 2 spell: Shroud of Golubria
   181 | D:1      | Learned a level 2 spell: Song of Slaying
   507 | D:2      | Reached skill level 1 in Invocations
   561 | D:2      | Reached skill level 1 in Throwing
   561 | D:2      | Reached XP level 3. HP: 31/31 MP: 1/9
   589 | D:2      | Reached skill level 1 in Maces & Flails
   589 | D:2      | Reached skill level 1 in Slings
   589 | D:2      | Reached skill level 1 in Ice Magic
   690 | D:2      | Reached skill level 1 in Bows
   708 | D:2      | Learned a level 3 spell: Regeneration
   807 | D:2      | Reached skill level 1 in Short Blades
   807 | D:2      | Reached skill level 1 in Hexes
   807 | D:2      | Reached XP level 4. HP: 38/38 MP: 6/11
   837 | D:2      | Reached skill level 1 in Necromancy
   923 | D:3      | Reached skill level 1 in Stealth
   927 | D:3      | Reached skill level 1 in Fire Magic
  1017 | D:3      | Found a radiant altar of Vehumet.
  1017 | D:3      | Found a glowing golden altar of the Shining One.
  1018 | D:3      | Found a snail-covered altar of Cheibriados.
  1093 | D:3      | Reached skill level 1 in Transmutations
  1100 | D:3      | Reached skill level 1 in Crossbows
  1102 | D:3      | Reached skill level 1 in Air Magic
  1187 | D:3      | Reached skill level 1 in Summonings
  1220 | D:3      | HP: 1/38 [something/puff of flame (6)]
  1221 | D:3      | Killed from afar by an orc wizard

Vault maps used:
D:1:      dpeg_arrival_water_fire
D:3:      nicolae_overflow_hidden_temple
D:4:      first_bread

Skill      XL: |  1  2  3  4 |
---------------+-------------+-----
Spellcasting   | 5 |  5.4
Invocations    | 1 |  1.7
Throwing       | 1 |  1.7
Maces & Flails | 1 |  1.7
Slings         | 1 |  1.3
Ice Magic      | 1 |  1.3
Bows           | 1 |  1.3
Short Blades   | 1 |  1.7
Hexes          | 1 |  1.3
Necromancy     | 1 |  1.3
Stealth        | 1 |  1.3
Fire Magic     | 1 |  1.7
Transmutations | 1 |  1.3
Crossbows      | 1 |  1.3
Air Magic      | 1 |  1.3
Summonings     | 1 |  1.3
Fighting       | |  4.4
Long Blades    | |  4.5
Staves         | |  0.8
Armour         | |  2.8
Dodging        | |  4.7
Unarmed Combat | |  0.8
Conjurations   | |  0.8
Charms         | |  6.6
Translocations | |  0.8
Poison Magic   | |  0.8
Evocations     | |  0.8

Action                   |  1- 3 |  4- 6 || total
-------------------------+-------+-------++-------
Melee: Falchion          |    48 |    41 ||    89
       Bite              |     3 |     5 ||     8
       Punch             |       |     1 ||     1
 Cast: Infusion          |     9 |     6 ||    15
       Shroud of Golubri |     2 |     2 ||     4
  Use: Scroll            |     5 |     2 ||     7
       Potion            |       |     2 ||     2
 Stab: Distracted        |     1 |       ||     1
       Sleeping          |       |     2 ||     2
  Eat: Chunk             |       |     1 ||     1
Armor: Leather armour    |     8 |     5 ||    13
Dodge: Dodged            |    28 |    34 ||    62
       Rpst.: Falchion   |    11 |    14 ||    25

Table legend:
 A = Spawn XP
 B = Non-spawn XP
 C = Spawn XP percentage of total XP
 D = Spawn monster count
 E = Non-spawn monster count
 F = Spawn count percentage of total count
 G = Total turns spent on level
                    A         B        C        D         E        F      G
               +---------+---------+-------+---------+---------+-------+---------
         Total |       0 |     153 |   0.0 |       0 |      45 |   0.0 |  1221
               +---------+---------+-------+---------+---------+-------+---------
           D:1 |       0 |      26 |   0.0 |       0 |      13 |   0.0 |   499
           D:2 |       0 |      66 |   0.0 |       0 |      14 |   0.0 |   404
           D:3 |       0 |      61 |   0.0 |       0 |      18 |   0.0 |   312
               +---------+---------+-------+---------+---------+-------+---------

Table legend:
 A = Turns spent in this place as a percentage of turns spent in the entire game.
 B = Non-inter-level travel turns spent in this place as a percentage of non-inter-level travel turns spent in the entire game.
 C = Inter-level travel turns spent in this place as a percentage of turns spent in this place.
 D = Turns resting spent in this place as a percentage of non-inter-level travel turns spent in this place.
 E = Turns spent auto-exploring this place as a percentage of non-inter-level travel turns spent in this place.
 F = Non-inter-level travel turns spent in this place divided by the number of levels of this place that you've seen.
                   A       B       C       D       E      F
               +-------+-------+-------+-------+-------+----------------------
         Total | 100.0 | 100.0 |   4.8 |   0.2 |   0.0 | 290.5
       Dungeon | 100.0 | 100.0 |   4.8 |   0.2 |   0.0 | 290.5
               +-------+-------+-------+-------+-------+----------------------

Table legend:
 A = Kills in this place as a percentage of kills in entire the game.
 B = Kills by you in this place as a percentage of kills by you in the entire game.
 C = Kills by friends in this place as a percentage of kills by friends in the entire game.
 D = Other kills in this place as a percentage of other kills in the entire game.
 E = Experience gained in this place as a percentage of experience gained in the entire game.
 F = Experience gained in this place divided by the number of levels of this place that you have seen.
                   A       B       C       D       E      F
               +-------+-------+-------+-------+-------+----------------------
         Total | 100.0 | 100.0 |   N/A |   N/A | 100.0 |  38.2
       Dungeon | 100.0 | 100.0 |   N/A |   N/A | 100.0 |  38.2
               +-------+-------+-------+-------+-------+----------------------

Vault maps used:
D:1:      dpeg_arrival_water_fire
D:3:      nicolae_overflow_hidden_temple
D:4:      first_bread
